Map: Lerilak Crest

Players

LilDicky - Winner!

  • Race: Terran Terran
  • League: Diamond

BromoSapien

  • Race: Zerg Zerg
  • League: Platinum

VOD

http://www.twitch.tv/tumescentpie

Description

Time

  • Played on: Jan. 5, 2016, 11:13 p.m.
  • Length: 12:33
Show
View Real Time Build Order
Export as new Build Order

LilDicky Terran - Winner!

Build Orders: Liberator Opening, Mech 

Get SALT Encoding   

  12  0:01  SCV  
  13  0:13  SCV  
  14  0:18  Supply Depot  
  14  0:25  SCV  
  15  0:39  SCV  
  15  0:41  Barracks  
  16  0:47  Refinery  
  16  0:51  SCV  
  17  1:03  SCV  
  18  1:15  SCV  
  19  1:28  SCV  
  20  1:34  Supply Depot  
  20  1:35  Reaper  
  21  1:41  Orbital Command  
  21  2:06  Command Center  
  21  2:08  SCV  
  22  2:18  Refinery  
  23  2:29  Factory  
  23  2:31  SCV  
  23  2:35  Barracks Reactor  
  23  2:43  SCV  
  24  2:53  Command Center  
  24  2:55  SCV  
  25  3:07  SCV  
  26  3:19  Starport  
  27  3:20  Orbital Command  
  27  3:21  Barracks Tech Lab  
  27  3:23  SCV  
  27  3:26  Hellion  
  29  3:28  Hellion  
  31  3:35  SCV  
  32  3:45  Liberator  
  32  3:47  SCV  
  34  3:55  SCV  
  33  4:00  Marine x2  
  33  4:01  Siege Tank  
  37  4:06  SCV  
  40  4:11  Bunker  
  40  4:13  SCV  
  40  4:16  Orbital Command  
  41  4:18  SCV  
  42  4:25  SCV  
  42  4:29  Marine x2  
  42  4:31  SCV  
  46  4:32  Liberator  
  46  4:36  Siege Tank  
  46  4:37  SCV  
  50  4:43  SCV  
  50  4:45  Supply Depot  
  51  4:46  Supply Depot  
  47  5:21  SCV  
  48  5:33  Orbital Command  
  48  5:35  SCV x2  
  50  5:47  SCV, Marine x2  
  50  5:48  Command Center  
  53  5:50  Medivac  
  53  5:53  SCV  
  53  5:56  Factory, Refinery  
  56  5:57  Factory, Refinery  
  56  5:59  SCV  
  57  6:04  Marine  
  57  6:05  SCV, Widow Mine, Marine  
  57  6:07  SCV  
  57  6:11  SCV  
  64  6:17  SCV  
  65  6:20  SCV, Medivac  
  65  6:22  Marine  
  65  6:23  Marine  
  65  6:25  SCV  
  71  6:34  Widow Mine  
  71  6:38  Armory  
  73  6:42  Factory Tech Lab, Factory Reactor  
  73  6:44  Marine x2  
  73  6:45  SCV  
  76  6:49  SCV  
  77  6:59  SCV  
  78  7:02  Liberator  
  78  7:03  Liberator  
  78  7:07  Engineering Bay  
  78  7:18  SCV x2  
  86  7:26  Thor  
  92  7:33  Marine  
  92  7:34  Hellion x3  
  92  7:36  Supply Depot x3  
  99  7:37  Supply Depot x2  
  99  7:38  Missile Turret  
  99  7:40  Missile Turret  
  99  7:41  Planetary Fortress  
  99  7:42  Missile Turret  
  99  7:45  SCV x2  
  99  7:49  Command Center  
  101  7:55  Hellion x3  
  107  8:10  Marine  
  95  8:28  Marine  
  91  8:46  Marine  
  92  8:49  Missile Turret  
  92  8:51  Missile Turret  
  92  8:53  Liberator x2  
  89  9:04  Marine  
  87  9:14  Thor x2, Widow Mine x2  
  109  9:21  Marine  
  109  9:36  Liberator  
  109  9:42  Widow Mine  
  107  9:46  Marine  
  107  9:56  Thor  
  116  10:02  SCV x2  
  116  10:04  Marine  
  119  10:09  SCV x2  
  119  10:12  Missile Turret  
  121  10:15  Missile Turret x3  
  121  10:19  Missile Turret  
  121  10:20  Missile Turret x2  
  121  10:21  Marine  
  121  10:25  Missile Turret  
  121  10:26  Refinery, Missile Turret  
  121  10:28  SCV x2  
  124  10:31  Refinery  
  124  10:32  Planetary Fortress  
  124  10:39  Marine  
  114  10:57  Marine  
  114  11:02  SCV  
  114  11:03  SCV  
  117  11:15  Marine  
  117  11:18  Refinery, Missile Turret  
  118  11:19  Refinery  
  118  11:20  Missile Turret  
  118  11:22  Missile Turret  
  105  11:33  Marine  
  94  11:51  Marine  
  93  12:08  Marine  
  116  12:20  Factory  
Show
View Real Time Build Order
Export as new Build Order

BromoSapien Zerg 

Build Orders: Hatch First, Muta Ling Bane 

Get SALT Encoding   

  12  0:01  Drone  
  13  0:12  Overlord  
  13  0:17  Drone  
  14  0:30  Drone  
  14  0:31  Drone  
  14  0:34  Drone  
  17  0:57  Hatchery  
  16  0:58  Drone  
  17  1:14  Extractor  
  17  1:16  Drone  
  17  1:21  Spawning Pool  
  17  1:22  Drone  
  18  1:25  Drone  
  18  1:37  Drone  
  19  1:44  Overlord  
  19  1:54  Drone  
  20  2:09  Queen, Zergling x4  
  20  2:13  Zergling x2  
  24  2:27  Drone x2  
  24  2:28  Queen  
  28  2:31  Metabolic Boost  
  28  2:39  Drone x2, Extractor  
  29  2:46  Drone  
  30  2:51  Drone, Roach Warren  
  30  2:56  Drone  
  31  3:05  Drone x3  
  34  3:19  Overlord x2  
  34  3:24  Overlord  
  34  3:46  Roach x6  
  46  4:00  Roach x2  
  46  4:01  Roach x2  
  54  4:05  Zergling x4  
  54  4:08  Zergling x2  
  57  4:15  Lair  
  56  4:26  Overlord  
  56  4:28  Drone  
  56  4:29  Drone x2  
  59  4:46  Ravager x4  
  51  5:20  Drone x12  
  46  5:37  Extractor  
  46  5:38  Extractor  
  44  5:46  Spire, Glial Reconstitution  
  43  5:55  Drone x3  
  43  5:56  Drone x3  
  49  6:05  Hatchery  
  49  6:10  Evolution Chamber  
  47  6:18  Drone x3  
  48  6:19  Drone x5  
  55  6:52  Zerg Missile Weapons Level 1  
  55  6:57  Baneling Nest  
  54  7:03  Mutalisk x6  
  66  7:24  Infestation Pit  
  65  7:31  Hatchery  
  65  7:35  Drone x4  
  68  7:39  Overlord x4, Extractor  
  68  7:40  Extractor  
  68  7:41  Zergling x2  
  68  7:42  Zergling x12  
  73  7:47  Centrifical Hooks  
  73  7:55  Overseer  
  72  8:00  Overseer  
  72  8:13  Infestation Pit  
  71  8:21  Zergling x26  
  77  8:53  Zergling x20  
  87  9:04  Drone x3  
  90  9:18  Queen  
  92  9:38  Hive  
  92  9:39  Evolution Chamber, Zerg Missile Weapons Level 2  
  91  10:01  Drone x5  
  91  10:06  Zergling x22  
  91  10:07  Zergling x10  
  112  10:14  Overseer  
  112  10:26  Overlord x2  
  112  10:27  Overlord x4  
  97  10:49  Zergling x20  
  83  10:50  Zergling x6  
  83  11:03  Baneling x5  
  83  11:04  Baneling x11  
  83  11:10  Hatchery  
  82  11:15  Ultralisk Cavern  
  81  11:21  Zergling x2  
  81  11:22  Zergling x26  
  70  11:50  Spire  
  61  12:10  Roach  
  61  12:11  Roach x8  
Tags
 
Add a new tag
Caveats
  • Supply blocks, unpowered buildings, or Contaminate may cause inaccurate times.
  • Supply counts are checked every 10 seconds.